Unix NetHack Version 5.0.0-0 post-release - last build Jul 19 2026 19:10:59 (3aa4ab31751d3886436d94b585a96704892fd477,branch:main).

Game began 2026-07-31 02:21:34, ended 2026-07-31 02:38:06.

HumaRuntu, chaotic female human Wizard

          ---------                      -----
          |.......|       ------+-#######-...|
         #-...F...|      %-......-#######|...|
         #|.......|#%#(#)#|......|#     #-.<.|
         #|.......|       |......|#      |....#
         #-----.---       --------#      |...|####
         #     ####              ##      -----   #
       ###        #              #               ###
       #          #                                #
       #         ###                               #
  -----#      ----%---            -----            #% ######## #
  |=%(|#      |....>.|            |...|    -----    # #----- ###------------
  |[%.-#      |.{...%-%))#########....|    |...|    # #|.@.| ## |........(.|
  |%!(|       |......|            |...|    |...|    # #|....####*..........|
  |%!.|       |......|            |....####-...|    # #....|    |..........|
  -----       --------            -----    |....#######|...|    ------------
                                           -----       -----

HumaRuntu the Conjurer    St:8 Dx:15 Co:15 In:18 Wi:12 Ch:8  Chaotic
Dlvl:3  $:2  HP:0(40) Pw:36(36) AC:9  Xp:5 T:1558  Fainting

Latest messages:
 What a mess!
 There are many objects here.
 You hit the hill orc!
 The hill orc swings his curved sword.
 The hill orc hits!
 You kill the hill orc!
 You see here a greased curved sword.
 You see here a wererat corpse.
 You hit the floating eye!
 You hit the floating eye.
 You hit the floating eye.
 You are frozen by the floating eye's gaze!
 You hear some noises in the distance.
 You are beginning to feel hungry.
 You can move again.
 You hit the floating eye.
 The floating eye turns to flee.
 You are frozen by the floating eye's gaze!
 The newt bites!
 The newt bites!
 The newt bites!
 The newt bites!
 The newt bites!
 The newt bites!
 The newt bites!
 The newt bites!
 The newt bites!
 The newt bites!
 The newt bites!
 The newt bites!
 The newt bites!
 You can move again.
 You miss the newt.
 The newt bites!
 You kill the newt!
 You hit the floating eye.
 You are frozen by the floating eye's gaze!
 Wizard needs food, badly!
 You hear some noises in the distance.
 You hear some noises in the distance.
 Budereyri zaps an oak wand!
 Boing!
 Budereyri hits!
 Budereyri hits again!
 Budereyri hits!
 Budereyri hits again!
 You die...
 Budereyri takes the 160 zorkmids you owed him.
 Do you want your possessions identified? [ynq] (y) y
 Do you want to see your attributes? [ynq] (y) q

Inventory:
 Coins    ('$')
  $ - 2 gold pieces
 Weapons  (')')
  a - a blessed +1 quarterstaff (weapon in hands)
 Armor    ('[')
  b - an uncursed +0 cloak of magic resistance (being worn)
  B - an uncursed +0 Hawaiian shirt with a sailboat motif
 Comestibles  ('%')
  q - an uncursed carrot
  v - an uncursed food ration
  u - an uncursed lichen corpse
 Scrolls  ('?')
  y - 2 uncursed scrolls of confuse monster
  j - an uncursed scroll of enchant weapon
  z - a cursed scroll of identify
  x - an uncursed scroll of light
  n - an uncursed scroll of scare monster
 Spellbooks  ('+')
  k - a blessed spellbook of force bolt
  E - a cursed spellbook of healing
  l - an uncursed spellbook of knock
 Potions  ('!')
  w - a cursed potion of extra healing
  g - a blessed potion of gain ability
  p - an uncursed potion of gain energy
  t - an uncursed potion of paralysis
  f - 2 uncursed potions of sickness
  h - an uncursed potion of sleeping
 Rings    ('=')
  C - a cursed -1 ring of adornment
  d - an uncursed ring of cold resistance
  e - an uncursed +4 ring of increase accuracy (on right hand)
 Wands    ('/')
  c - a wand of lightning (0:6)
  D - a wand of secret door detection (0:15)
 Tools    ('(')
  m - a magic marker (0:22)
  G - an uncursed tin whistle

HumaRuntu the Wizard's attributes:

Background:
 You were a Conjurer, a level 5 female human Wizard.
 You were chaotic, nominally on a mission for Anhur
 who was opposed by Ptah (lawful) and Thoth (neutral).
 You were right-handed.
 You were in the Dungeons of Doom, on level 3.
 You entered the dungeon 1558 turns ago.
 It was nighttime.
 There was a full moon in effect when your adventure ended.
 You had 239 experience points, 81 more were needed to attain level 6.

Basics:
 You had 0 out of 40 hit points.
 You had all 36 energy points (spell power).
 Your armor class was 9.
 Your wallet contained 2 zorkmids.
 Autopickup was on for '$?!/="+' plus thrown.

Final Characteristics:
 Your strength was 8 (base:9, limit:18/100).
 Your dexterity was 15 (limit:18).
 Your constitution was 15 (limit:18).
 Your intelligence was 18 (limit:18).
 Your wisdom was 12 (limit:18).
 Your charisma was 8 (limit:18).

Final Status:
 You were fainting due to starvation.
 You were unencumbered.
 You were wielding a quarterstaff.
 You had basic skill with quarterstaff.

Final Attributes:
 You were devoutly aligned.
 You were magic-protected.
 You aggravated monsters.
 You had a moderate bonus to hit (+4).
 You were warded.
 You were unlucky.
 You are dead.

Miscellaneous:
 You didn't encounter any bones levels.
 Total elapsed playing time was 16 minutes and 30 seconds.

Major events:
 Turn
    1: HumaRuntu the chaotic female human Wizard entered the dungeon
  937: attained the rank of Conjurer (level 3)
  972: stole 160 zorkmids worth of merchandise from Budereyri's general store
 1558: killed by Mr. Budereyri; the shopkeeper, while frozen by a floating eye's gaze

Spells:
 Name                 Level Category     Fail Retention
 force bolt             1   attack         0%  91%-100%
 knock                  1   matter         0%  76%-100%

Skills:
 Fighting Skills
   bare handed combat [Unskilled]
   riding             [Unskilled]
 Weapon Skills
   dagger             [Unskilled]
   knife              [Unskilled]
   axe                [Unskilled]
   short sword        [Unskilled]
   club               [Unskilled]
   mace               [Unskilled]
   quarterstaff       [Basic]
   polearms           [Unskilled]
   spear              [Unskilled]
   trident            [Unskilled]
   sling              [Unskilled]
   dart               [Unskilled]
   shuriken           [Unskilled]
 Spellcasting Skills
   attack spells      [Basic]
   healing spells     [Unskilled]
   divination spells  [Unskilled]
   enchantment spells [Basic]
   clerical spells    [Unskilled]
   escape spells      [Unskilled]
   matter spells      [Unskilled]

Voluntary challenges:
 Character rerolling was not enabled.
 You were an atheist.
 You never genocided any monsters.
 You never polymorphed an object.
 You never changed form.
 You used no wishes.
Achievements:
 You entered a shop.
 You attained the rank of Conjurer.

 The Dungeons of Doom: levels 1 to 3
    Level 1:
    Level 2:
       A general store, an altar to Anhur, a fountain.
    Level 3: <- You were here.
       A general store, a fountain.
       Final resting place for
          you, killed by Mr. Budereyri; the shopkeeper, while frozen by a floating eye's gaze.


Vanquished creatures:
  a rock piercer
  3 Kop Lieutenants
  6 hill orcs
  6 Kop Sergeants
  a wererat
 an acid blob
  a hobbit
  3 giant rats
  a brown mold
  a yellow mold
 15 Keystone Kops
  a gecko
  7 jackals
  2 foxes
  a goblin
  a sewer rat
  9 grid bugs
  4 lichens
  3 kobold zombies
  9 newts
76 creatures vanquished.

No species were genocided or became extinct.

Game over:
                       ----------
                      /          \
                     /    REST    \
                    /      IN      \
                   /     PEACE      \
                  /                  \
                  |    HumaRuntu     |
                  |       2 Au       |
                  |  killed by Mr.   |
                  |  Budereyri; the  |
                  |    shopkeeper    |
                  |                  |
                  |       2026       |
                 *|     *  *  *      | *
        _________)/\\_//(\/(/\)/\//\/|_)_______

Goodbye HumaRuntu the Wizard...

You died in The Dungeons of Doom on dungeon level 3 with 1058 points,
and 2 pieces of gold, after 1558 moves.
You were level 5 with a maximum of 40 hit points when you died.

